 Dungeon Crawl Stone Soup version 0.31-a0-851-g7ff8af7976 (webtiles) character file.

Game seed: 11985020005253076648

34 MachoJfn the Magician (level 3, -5/19 HPs)
             Began as a Deep Elf Air Elementalist on Oct 7, 2023.
             Was a Follower of Lugonu.
             Slain by a gnoll
             ... wielding a +0 halberd
              (7 damage)
             ... on level 2 of the Dungeon.
             The game lasted 00:06:02 (1557 turns).

MachoJfn the Magician (Deep Elf Air Elementalist)   Turns: 1557, Time: 00:06:02

Health: -5/19      AC:  3    Str:  5    XL:     3   Next: 14%
Magic:  8/10       EV:  6    Int: 21    God:    Lugonu [*.....]
Gold:   65         SH:  0    Dex: 15    Spells: 6/9 levels left

rFire   . . .        k - +0 spear
rCold   . . .        (no shield)
rNeg    . . .        a - +0 robe
rPois   .            g - +0 helmet
rElec   .            (no cloak)
rCorr   .            (no gloves)
SInv    .            (no boots)
Will    .....        (no amulet)
Stlth   ++           (no ring)
HPRegen 0.23/turn    (no ring)
MPRegen 0.12/turn

%: no passive effects
@: held
A: no striking features
a: Renounce Religion, Depart the Abyss


You were on level 2 of the Dungeon.
You worshipped Lugonu.
Lugonu was aware of your devotion.
You visited 1 branch of the dungeon, and saw 2 of its levels.

You collected 65 gold pieces.

Inventory:

Hand Weapons
 k - a +0 spear (weapon)
Missiles
 f - 23 stones
Armour
 a - a +0 robe (worn)
 g - a +0 helmet (worn)
Scrolls
 c - a scroll of identify
 d - a scroll of fog
 e - a scroll of vulnerability
Potions
 b - a potion of magic
 j - a potion of curing


   Skills:
 + Level 2.5 Dodging
 + Level 2.6 Stealth
 + Level 3.7 Spellcasting
 + Level 1.3 Conjurations
 + Level 3.6 Air Magic


You had 6 spell levels left.
You knew the following spells:

 Your Spells              Type           Power      Damage    Failure   Level
a - Shock                 Conj/Air       56%        1d6       4%          1
b - Static Discharge      Conj/Air       28%        2-4/arc   7%          2

Your spell library contained the following spells:

 Spells                   Type           Power      Damage    Failure   Level
 Swiftness                Air            19%        N/A       9%          3
 Airstrike                Air            9%         2d(2-18)  26%         4


Dungeon Overview and Level Annotations

Branches:
Dungeon (2/15)

Altars:
Cheibriados
Lugonu


Message History

You now have 65 gold pieces (gained 13).
A gnoll comes into view. It is wielding a +0 halberd.
The gnoll shouts!
You hear a shout!
A gnoll comes into view. It is wielding a +0 spear.
Casting: Shock (safe; 4% risk of failure)
Confirm with . or Enter, or press ? or * to list all spells.
Aiming: Shock (safe; 4% risk of failure)
Press: ? - help, Shift-Dir - straight line, f - gnoll
Aim: a gnoll, wielding a +0 halberd and quivering a throwing net (75% to hit)
The zap hits the gnoll.
The gnoll is lightly wounded.
A gnoll comes into view. It is wielding a +0 flail.
Casting: Shock (safe; 4% risk of failure)
Confirm with . or Enter, or press ? or * to list all spells.
Aiming: Shock (safe; 4% risk of failure)
Press: ? - help, Shift-Dir - straight line, f - gnoll
Aim: a gnoll, wielding a +0 spear (75% to hit)
The zap hits the gnoll.
The gnoll is lightly wounded.
The zap hits the gnoll.
The gnoll is heavily wounded.
The gnoll shouts!
A gnoll comes into view. It is wielding a +0 flail.
Casting: Shock (safe; 4% risk of failure)
Confirm with . or Enter, or press ? or * to list all spells.
Aiming: Shock (safe; 4% risk of failure)
Press: ? - help, Shift-Dir - straight line, f/p - gnoll
Aim: a gnoll, wielding a +0 spear (lightly wounded, 75% to hit)
Okay, then.
The gnoll shouts!
The gnoll throws a throwing net.
The throwing net hits you.
You become entangled in the net!
The gnoll hits you from afar with a +0 spear!
You struggle against the net.
The gnoll closely misses you.
The gnoll hits you from afar with a +0 halberd.
You tear a large gash into the net.
The gnoll hits you from afar with a +0 spear.
* * * LOW HITPOINT WARNING * * *
The gnoll hits you from afar with a +0 halberd!
You die...

.. .# ....####
.......# .
#g)....#..
#g#.......
#g#g.!..<
##.#..#.#
#..@.?..# #
#.......# .#
#.####.##..####.#
#........)......#
######.##.##..#.#
#.####..##
...##..##
#..##....##
#.##..##..##


You could see 4 gnolls.

Vanquished Creatures
  3 ball pythons (D:1)
  4 bats
  2 endoplasms (D:1)
  A giant cockroach (D:1)
  2 goblins
  8 hobgoblins
  3 kobolds
  A quokka (D:1)
  3 frilled lizards (D:1)
  2 rats
29 creatures vanquished.

Notes
Turn   | Place    | Note
-------+----------+-------------------------------------------
     0 | D:1      | MachoJfn the Deep Elf Air Elementalist began the quest for
                  | the Orb.
     0 | D:1      | Reached XP level 1. HP: 10/10 MP: 6/6
   293 | D:1      | Reached XP level 2. HP: 15/15 MP: 6/8
   997 | D:1      | Learned a level 2 spell: Static Discharge
  1273 | D:1      | Reached XP level 3. HP: 19/19 MP: 7/10
  1302 | D:1      | Found a faded altar of an unknown god.
  1307 | D:1      | Prayed at the altar of an unknown god.
  1307 | D:1      | Became a worshipper of Lugonu the Unformed
  1307 | D:1      | Reached * piety under Lugonu
  1379 | D:2      | Found a snail-covered altar of Cheibriados.
  1557 | D:2      | Slain by a gnoll

Illustrated notes

Levels and vault maps discovered:
D:1:      amcnicky_arrival_abandoned_market, layout_basic,
          shapermc_ecumenical_altar_petra, hangedman_feature_mirror
D:2:      minmay_alternating_diamond, layout_loops_cross, basic_altar,
          lexackson_kobold_supper

Action                     || total
---------------------------++-------
   Cast: Shock             ||    62
         Static Discharge  ||     2
    Use: Scroll            ||     4
 Armour: Robe              ||     9
  Dodge: Dodged            ||     8

Table legend: (Time is in decaauts)
 A = Elapsed time spent in this place.
 B = Non-inter-level travel time spent in this place.
 C = Inter-level travel time spent in this place.
 D = Time resting spent in this place.
 E = Time spent auto-exploring this place.
 F = Levels seen in this place.
 G = Mean time per level.
                   A        B        C        D        E       F      G
               +--------+--------+--------+--------+--------+-----+--------+
         Total |   1555 |   1435 |    120 |     84 |   1193 |   2 |  777.5 |
       Dungeon |   1555 |   1435 |    120 |     84 |   1193 |   2 |  777.5 |
               +--------+--------+--------+--------+--------+-----+--------+

Top non-repeatable levels by time:
     D:1: 1355 daAuts
     D:2: 200 daAuts
